 Dungeon Sprint DCSS version 0.30.1-11-g7821555f0a (webtiles) character file.

Game seed: 15716718621058438869

14 DiggyJ the Trooper (level 2, -3/25 HPs)
             Began as a Demonspawn Fighter on Jan 8, 2024.
             Was an Initiate of Jiyva.
             Slain by a warg (10 damage)
             ... in the Dungeon (Sprint VII: "The Pits").
             The game lasted 00:00:31 (120 turns).

DiggyJ the Trooper (Demonspawn Fighter)              Turns: 120, Time: 00:00:31

Health: -3/25      AC:  6    Str: 16    XL:     2   Next: 31%
Magic:  2/2        EV:  8    Int:  9    God:    Jiyva [......]
Gold:   0          SH:  4    Dex: 12    Spells: 1/1 levels left

rFire   . .          .
                       - Unarmed
rCold   . . .        b - +0 buckler
rNeg    . . .        a - +0 scale mail
rPois   .            (no helmet)
rElec   .            (no cloak)
rCorr   .            (no gloves)
SInv    .            (no boots)
Will    .....        (no amulet) Stlth
                     (no ring)
HPRegen 0.24/turn    (no ring)
MPRegen 0.08/turn

%: no teleportation
@: no status effects
A: foul stench 1
a: Renounce Religion


You were in the Dungeon.
You worshipped Jiyva.
Jiyva was noncommittal.
You visited 1 branch

Inventory:

Armour
 a - a +0 scale mail (worn)
 b - a +0 buckler (worn)
Scrolls
 i - a scroll of blinking
 k - 5 scrolls of amnesia
 l - a scroll of butterflies
Potions
 c - a potion of might
 d - a potion of curing
 e - a potion of heal wounds
 f - a potion of haste
 g - 4 potions of magic
 h - 3 potions of berserk rage
 j - 2 potions of invisibility


   Skills:
 + Level 4.0 Fighting
 + Level 3.5 Armour
 + Level 3.5 Shields
 + Level 2.3 Unarmed Combat


You had one spell level left.
You didn't know any spells.
Your spell library was empty.

Dungeon Overview and Level Annotations

Branches:
Dungeon (1/1)

Altars:
Cheibriados
Dithmenos
Fedhas
Gozag
Hepliaklqana
Makhleb
Nemelex Xobeh
Okawaru
Qazlal
Ru
Sif Muna
Trog
Vehumet
Wu Jian
Xom
Yredelemnul
Jiyva
Lugonu


Innate Abilities, Weirdness & Mutations

You may rarely emit foul miasma when damaged in melee.


Message History

The ball python bites you but does no damage.
The ball python constricts you. The bat hits you but does no damage.
The ball python bites you but does no damage.
The ball python constricts you. The rat bites you.
You barely miss the rat.
The rat is heavily wounded.
The bat hits you but does no damage. You block the ball python's attack.
The ball python constricts you.
You hit the rat.
You kill the rat!
The bat hits you but does no damage.
The ball python bites you but does no damage.
The ball python constricts you. The warg bites you but does no damage.
You escape the ball python's grasp.
The bat hits you but does no damage. The bat closely misses you.
The warg closely misses you. You block the ball python's attack.
The ball python grabs you. The ball python constricts you.
You see here a rat corpse.
You closely miss the bat. The bat hits you. The bat barely misses you.
The warg bites you but does no damage. You block the ball python's attack.
The ball python constricts you.
You escape the ball python's grasp.
The bat closely misses you. The warg bites you but does no damage.
You block the warg's attack. The ball python bites you.
The ball python grabs you. The ball python constricts you.
You escape the ball python's grasp.
The bat hits you but does no damage.
You barely miss the warg. The bat hits you. The warg barely misses you.
The ball python barely misses you. You block the ball python's attack.
The warg closely misses you.
You hit the warg but do no damage. The bat closely misses you.
The warg closely misses you. You block the ball python's attack.
The ball python closely misses you.
You closely miss the warg. The bat hits you but does no damage.
The bat barely misses you. The warg bites you!
* * * LOW HITPOINT WARNING * * *
The ball python bites you but does no damage.
The ball python closely misses you.
You hit the warg but do no damage. The bat barely misses you.
You block the bat's attack. The warg bites you!
You die...

#+#####'#####......#.
#...#.# #........
#...#.# ####'####
#...'.# #.......#
##'#### #.......#
#.†...# #.......#
#.....#+###...<...#
#.hS.....##.......#
#.@b.....##.......#
###########.......#
#########


You could see a warg, a bat and a ball python.

Vanquished Creatures
  A river rat (D)
  A bat (D)
  A quokka (D)
  2 frilled lizards (D)
  A rat (D)
6 creatures vanquished.

Vanquished Creatures (others)
  Dissolution (D)
  A deep elf blademaster (D)
  An azure jelly (D)
  2 rockslimes (D)
  A draconian stormcaller (D)
  A hydra (D)
  A manticore (shapeshifter) (D)
  A moth of wrath (D)
  A redback (shapeshifter) (D)
  2 endoplasms (D)
12 creatures vanquished.

Grand Total: 18 creatures vanquished

Notes
Turn   | Place    | Note
-------+----------+-------------------------------------------
     0 | D        | DiggyJ the Demonspawn Fighter began the quest for the Orb.
     0 | D        | Reached XP level 1. HP: 18/18 MP: 1/1
    46 | D        | Found a bloodstained altar of Trog.
    46 | D        | Found a shimmering blue altar of Sif Muna.
    46 | D        | Found a viscous altar of Jiyva.
    46 | D        | Found a hazy altar of Hepliaklqana.
    46 | D        | Found an opulent altar of Gozag.
    47 | D        | Found a basalt altar of Yredelemnul.
    47 | D        | Found a shimmering altar of Xom.
    47 | D        | Found an ornate altar of the Wu Jian Council.
    47 | D        | Found a sacrificial altar of Ru.
    47 | D        | Found a stormy altar of Qazlal.
    47 | D        | Found an iron altar of Okawaru.
    47 | D        | Found a sparkling altar of Nemelex Xobeh.
    47 | D        | Found a burning altar of Makhleb.
    47 | D        | Found a blossoming altar of Fedhas.
    47 | D        | Found a shadowy altar of Dithmenos.
    47 | D        | Found a snail-covered altar of Cheibriados.
    50 | D        | Found a corrupted altar of Lugonu.
    50 | D        | Found a radiant altar of Vehumet.
    52 | D        | Became a worshipper of Jiyva Jilinkot the Shapeless
    52 | D        | Killed a deep elf blademaster
    52 | D        | Killed a seven-headed hydra
    53 | D        | Killed a moth of wrath
    54 | D        | Killed a white draconian stormcaller
    55 | D        | Killed a rockslime
    56 | D        | Killed a redback
    56 | D        | Killed a rockslime
    58 | D        | Killed an azure jelly
    59 | D        | Killed Dissolution
    88 | D        | Gained mutation: You may rarely emit foul miasma when
                  | damaged in melee. [demonic ancestry]
    88 | D        | Reached XP level 2. HP: 16/25 MP: 2/2
    91 | D        | Killed a manticore
    98 | D        | Reached skill level 4 in Fighting
   104 | D        | Noticed a warg
   120 | D        | Slain by a warg

Illustrated notes

Levels and vault maps discovered:
D:        pitsprint [storerooms_1, entrance_room_1, metal_vault_7, armoury_3,
          mini_pit_1, grid_room_1, main_hall_1, silver_pit, the_coven_3,
          the_vestibule_1, steel_vault_4, golden_pit, hallway_of_sentries,
          crystal_vault_3, iron_vault_4, final_vault]

Skill      XL: |  1  2 |
---------------+-------+-----
Armour         | 3 |  3.5
Shields        | 3 |  3.5
Unarmed Combat | 2 |  2.3
Fighting       | 4 |  4.0

Action                     || total
---------------------------++-------
  Melee: Unarmed           ||    42
 Armour: Scale mail        ||    30
  Dodge: Dodged            ||    24
  Block: Buckler           ||    20
